 Dungeon Crawl Stone Soup version 0.31-a0-542-gdc2a67831c (webtiles) character file.

Game seed: 17322435148020631843

1148 Mickster the Poker (level 8, -1/8 HPs)
             Began as a Hill Orc Berserker on Aug 14, 2023.
             Was a Priest of Trog.
             Slain by an ice beast (8 damage)
             ... on level 6 of the Dungeon.
             The game lasted 00:35:10 (4136 turns).

Mickster the Poker (Hill Orc Berserker)             Turns: 4136, Time: 00:35:10

Health: -1/8       AC:  9    Str: 27    XL:     8   Next: 38%
Magic:  8/8        EV: 10    Int:  7    God:    Trog [***...]
Gold:   246        SH:  0    Dex: 10    Spells: 7/7 levels left

rFire   . . .        s - melded +2 spear (vamp)
rCold   . . .        (shield currently unavailable)
rNeg    . . .        g - melded +0 scale mail
rPois   .            e - melded +0 helmet
rElec   .            h - melded +0 cloak
rCorr   .            (gloves currently unavailable)
SInv    .            f - melded +1 pair of boots
Will    .....        (no amulet)
Stlth   +            (no ring)
HPRegen 0.21/turn    (no ring)
MPRegen 0.11/turn

%: no passive effects
@: snake-form, on berserk cooldown
A: constrict, reduced hp, large
a: Begin Untransformation, Renounce Religion, Berserk, Trog's Hand


You were on level 6 of the Dungeon.
You worshipped Trog.
Trog was most pleased with you.
You were an enormous anaconda.
You visited 1 branch of the dungeon, and saw 6 of its levels.
You also visited: Ossuary.

You collected 246 gold pieces.

Inventory:

Hand Weapons
 a - a +0 hand axe
 k - the +1 halberd of Rescuing Bloody Death {freeze, *Noise Int+4}
   (You found it on level 3 of the Dungeon)

   Int+4:     It affects your intelligence (+4).
   *Noise:    It may make a loud noise when swung.
 n - a +0 rapier
 s - a +2 vampiric spear (melded)
 x - a +0 war axe
 B - a +0 flail of protection
Missiles
 d - 49 stones
 l - 3 poisoned darts
 v - 2 datura-tipped darts
 w - 6 boomerangs (quivered)
Armour
 e - a +0 helmet (melded)
 f - a +1 pair of boots (melded)
 g - a +0 scale mail (melded)
 h - a +0 cloak (melded)
Talismans
 y - a serpent talisman (active)
Scrolls
 b - a scroll of enchant weapon
 m - 8 scrolls of identify
 o - 2 scrolls of fear
 p - 2 scrolls of teleportation
 q - a scroll of acquirement
 z - a scroll of fog {unknown}
 A - a scroll of immolation {unknown}
Potions
 c - 3 potions of mutation {unknown}
 i - 2 potions of haste {unknown}
 j - 2 potions of cancellation {unknown}
 r - a potion of lignification {unknown}
 t - a potion of curing {unknown}
 u - 2 potions of degeneration {unknown}


   Skills:
 + Level 5.8 Fighting
 - Level 6.7(8.6) Axes
 * Level 6.8(7.8) Polearms
 + Level 4.2 Armour
 + Level 2.8 Dodging
 + Level 0.3 Stealth


You had 7 spell levels left.
You didn't know any spells.
Your spell library was empty.

Dungeon Overview and Level Annotations

Branches:
Dungeon (6/15)            Ossuary (visited)
 Temple: D:4-7

Altars:
Trog
Wu Jian


Message History

The adder is heavily wounded.
The adder closely misses you. The adder barely misses you.
You closely miss the adder.
The adder is moderately wounded.
The adder closely misses you.
An adder is nearby!
The adder bites you but does no damage. The adder barely misses you.
You begin transforming.
You continue transforming.
The adder bites you but does no damage. x2
You continue transforming.
HP restored.
The adder barely misses you. The adder bites you but does no damage.
You continue transforming.
The adder bites you but does no damage. The adder closely misses you.
You turn into an enormous anaconda.
Your +2 vampiric spear melds into your body.
Your +0 cloak melds into your body.
Your +0 helmet melds into your body.
Your +1 pair of boots melds into your body.
Your +0 scale mail melds into your body.
You feel the dreadful sensation subside.
You miss the adder. Your grab misses the adder.
The adder is moderately wounded.
The adder bites you. The adder bites you but does no damage.
You barely miss the adder. You grab the adder.
The adder is moderately wounded.
You constrict the adder. The adder misses you. The adder bites you.
You barely miss the adder.
The adder is heavily wounded.
You constrict the adder.
You kill the adder!
Trog accepts your kill.
You see here an adder corpse.
You open the door.
You feel yourself speed up.
There is an open door here.
An ice beast comes into view.
You barely miss the ice beast. Your grab misses the ice beast.
The ice beast hits you. The ice beast freezes you!
Ouch! That really hurt!
You die...

..... .....
#...###### ....#...#
#........ .......#
#.......# #.....#
#.......#
#.Y..#####.......#
+.S.....##.......#
##.....!..+.......#
+....###.##.......#
#....###.# #'## ###
#........###..####..
#.###'###..).)..##..
#............##.##..
#............##..#..
#.........†..###.#..


You could see an ice beast.

Vanquished Creatures
  A wraith (Ossuary)
  Duvessa (D:6)
  A black bear (D:4)
  5 scorpions
  Dowan (D:6)
  A howler monkey (D:4)
  5 hounds
  An orc wizard (D:4)
  A mummy (Ossuary)
  5 gnolls
  8 adders
  A white imp (D:6)
  2 ufetubi (D:5)
  2 worms
  A dart slug (D:2)
  9 orcs
  3 ball pythons
  2 bats (D:2)
  7 endoplasms
  5 giant cockroaches
  A gnoll zombie (D:4)
  5 goblins
  7 hobgoblins
  4 jackals (D:5)
  7 kobolds
  2 quokkas (D:1)
  3 gnoll skeletons (Ossuary)
  6 kobold skeletons (Ossuary)
  16 orc skeletons (Ossuary)
  7 rats
  2 rat zombies (D:4)
122 creatures vanquished.

Notes
Turn   | Place    | Note
-------+----------+-------------------------------------------
     0 | D:1      | Mickster the Hill Orc Berserker began the quest for the
                  | Orb.
     0 | D:1      | Reached XP level 1. HP: 19/19 MP: 1/1
   120 | D:1      | Reached XP level 2. HP: 20/27 MP: 2/2
   872 | D:1      | Reached XP level 3. HP: 27/33 MP: 3/3
  1171 | D:2      | Reached skill level 5 in Axes
  1506 | D:2      | Reached XP level 4. HP: 41/41 MP: 4/4
  1555 | D:3      | Found a bloodstained altar of Trog.
  1892 | D:3      | Identified the +1 halberd of Rescuing Bloody Death {freeze,
                  | *Noise Int+4}
  1969 | D:3      | Reached XP level 5. HP: 44/47 MP: 5/5
  2042 | D:3      | Reached ** piety under Trog
  2514 | D:4      | Noticed a black bear
  2520 | D:4      | Killed a black bear
  2521 | D:4      | Reached XP level 6. HP: 55/55 MP: 6/6
  2526 | D:4      | Found a sand-covered staircase.
  2698 | Ossuary  | Entered an ossuary
  2698 | Ossuary  | Noticed a wraith
  2698 | Ossuary  | Noticed a wraith
  2698 | Ossuary  | Noticed a wraith
  2801 | Ossuary  | Noticed a wraith
  2877 | Ossuary  | Killed a wraith
  2878 | Ossuary  | Reached XP level 7. HP: 38/60 MP: 7/7
  3016 | D:4      | Reached skill level 5 in Polearms
  3194 | D:4      | Identified the +0 leather armour "Kajol" {rElec rPois rF+
                  | Int-5}
  3243 | D:5      | Entered Level 5 of the Dungeon
  3275 | D:5      | Reached skill level 5 in Fighting
  3285 | D:5      | Identified a scroll of acquirement
  3511 | D:5      | Reached *** piety under Trog
  3581 | D:5      | Reached XP level 8. HP: 69/69 MP: 8/8
  3830 | D:5      | Found an ornate altar of the Wu Jian Council.
  3836 | D:5      | Noticed a spectral centipede
  3836 | D:5      | Noticed a spectral black mamba
  4065 | D:6      | Noticed Dowan
  4065 | D:6      | Noticed Duvessa
  4090 | D:6      | Killed Duvessa
  4095 | D:6      | Killed Dowan
  4136 | D:6      | Slain by an ice beast

Illustrated notes

Levels and vault maps discovered:
D:1:      dpeg_arrival_lava_altar, layout_basic
D:2:      layout_loops_ring, serial_co_window_serial, co_window_corner_a,
          co_window_corner_a, co_window_of_opportunity_a, co_window_corner_a,
          co_window_corner_a, co_window_2corner, co_window_unsneaky_path_d,
          co_window_unsneaky_path_c, co_window_corner_b, co_window_paths_e,
          glass_columns_c
D:3:      layout_loops_ring, lemuel_crystal_altar, serial_bayou,
          serial_bayou_pond_a, serial_bayou_pond_b, serial_bayou_shore_b,
          serial_bayou_lake_a, uniq_robin
D:4:      layout_basic, minmay_temple_entry_antechambers, enter_ossuary_3,
          nicolae_the_louvre
D:5:      layout_rooms, pdpol_wu_jian_five_deadly_venoms
D:6:      layout_basic, uniq_edmund, uniq_duvessa

Skill      XL: |  1  2  3  4  5  6  7  8 |
---------------+-------------------------+-----
Fighting       | 4 5 |  5.8
Axes           | 5 6 |  6.7
Dodging        | 2 |  2.8
Polearms       | 3 4 5 6 |  6.8
Armour         | 3 4 |  4.2
Stealth        | |  0.3

Action                     |  1- 3 |  4- 6 |  7- 9 || total
---------------------------+-------+-------+-------++-------
  Melee: Hand axe          |    95 |    83 |       ||   178
         Halberd           |       |   101 |    27 ||   128
         Spear             |       |       |   130 ||   130
         War axe           |       |       |    10 ||    10
         Punch             |       |       |     2 ||     2
         Unarmed           |       |       |     4 ||     4
         Constrict         |       |       |     1 ||     1
 Invoke: Berserk           |     2 |     4 |     4 ||    10
         Trog's Hand       |       |     3 |     2 ||     5
    Use: Scroll            |     3 |     1 |     4 ||     8
         Potion            |     1 |       |       ||     1
 Armour: Animal skin       |     6 |       |       ||     6
         Scale mail        |    34 |    93 |    85 ||   212
         Skin              |       |       |     1 ||     1
  Dodge: Dodged            |    44 |    88 |    83 ||   215
   Form: Anaconda          |       |       |     1 ||     1

Table legend: (Time is in decaauts)
 A = Elapsed time spent in this place.
 B = Non-inter-level travel time spent in this place.
 C = Inter-level travel time spent in this place.
 D = Time resting spent in this place.
 E = Time spent auto-exploring this place.
 F = Levels seen in this place.
 G = Mean time per level.
                   A        B        C        D        E       F      G
               +--------+--------+--------+--------+--------+-----+--------+
         Total |   4288 |   4031 |    257 |    410 |     50 |   7 |  612.6 |
       Dungeon |   3994 |   3737 |    257 |    410 |     50 |   6 |  665.7 |
       Ossuary |    294 |    294 |      0 |      0 |      0 |   1 |  294.0 |
               +--------+--------+--------+--------+--------+-----+--------+

Top non-repeatable levels by time:
     D:1: 1096 daAuts
     D:4: 944 daAuts
     D:3: 628 daAuts
     D:5: 611 daAuts
     D:2: 439 daAuts
 Ossuary: 294 daAuts
     D:6: 273 daAuts
